Map: Ruines d’Endion

Players

Speedy - Winner!

  • Race: Zerg Zerg
  • League: Gold
  • Spawn Location: 7:00

zidar

  • Race: Zerg Zerg
  • League: Gold
  • Spawn Location: 5:00

VOD

Have the link to the VOD?

Description

Time

  • Played on: July 1, 2016, 9:54 a.m.
  • Length: 2:57
Show
View Real Time Build Order
Export as new Build Order

Speedy Zerg - Winner!

Build Orders: Hatch First 

Get SALT Encoding   

  12  0:01  Drone  
  13  0:13  Overlord  
  13  0:20  Drone  
  14  0:32  Drone x2  
  16  0:37  Drone  
  17  0:55  Hatchery  
  16  1:00  Extractor, Drone  
  16  1:04  Drone  
  17  1:19  Spawning Pool  
  17  1:25  Drone  
  17  1:26  Drone  
  17  2:06  Spine Crawler  
  17  2:07  Queen  
  18  2:09  Zergling x6  
  18  2:14  Spine Crawler, Zergling x2  
  21  2:22  Zergling x2  
  22  2:25  Spine Crawler  
  20  2:45  Drone x2  
Show
View Real Time Build Order
Export as new Build Order

zidar Zerg 

Build Orders: 1 Base Baneling Bust, Pool Only 

Get SALT Encoding   

  12  0:02  Drone  
  13  0:24  Spawning Pool  
  13  0:26  Drone  
  13  0:32  Extractor  
  13  0:34  Drone  
  13  0:52  Overlord  
  13  1:00  Overlord  
  13  1:11  Zergling x4  
  13  1:18  Queen  
  15  1:24  Zergling x2  
  18  1:31  Zergling x2  
  19  1:44  Zergling x2  
  20  1:57  Baneling Nest  
  19  2:13  Zergling x6  
  22  2:26  Zergling x2  
  23  2:30  Zergling x4  
Tags
 
Add a new tag
Caveats
  • Supply blocks, unpowered buildings, or Contaminate may cause inaccurate times.
  • Supply counts are checked every 10 seconds.